 Dungeon Crawl Stone Soup version 0.18-a0-1774-gce1f7b6 (webtiles) character file.

652 M4edhros the Covert (level 7, -3/43 HPs)
             Began as an Octopode Artificer on Apr 15, 2016.
             Killed from afar by an orc wizard (10 damage)
             ... with a magic dart
             ... on level 5 of the Dungeon.
             The game lasted 00:02:30 (2089 turns).

M4edhros the Covert (Octopode Artificer)            Turns: 2089, Time: 00:02:30

Health: -3/43      AC:  1    Str: 15    XL:     7   Next: 54%
Magic:  9/9        EV: 12    Int: 14    God:
Gold:   99         SH:  0    Dex: 15    Spells: 0 memorised, 6 levels left

rFire  . . .     SeeInvis .     g - +4 spear (pierce)
rCold  . . .     Gourm    .     (no shield)
rNeg   . . .     Faith    .     (helmet restricted)
rPois  .         Spirit   .     (no amulet)
rElec  .         Dismiss  .     o - ring of teleportation (curse)
rCorr  .         Reflect  .     (no ring)
SustAt .         Harm     .     (no ring)
MR     .....     Rnd*Tele +     (no ring)
Stlth  +++++.....               (no ring)
                                (no ring)
                                (no ring)
                                (no ring)

@: mighty, not resistant to hostile enchantments, quite stealthy
A: almost no armour, amphibious, 8 rings, constrict 8, camouflage 1, gelatinous
body 1
a: no special abilities


You were on level 5 of the Dungeon.
You were not hungry.

You visited 1 branch of the dungeon, and saw 4 of its levels.

You collected 99 gold pieces.

Inventory:

Hand Weapons
 a - a +0 short sword
 g - a +4 spear of piercing (weapon)
Missiles
 j - 37 stones (quivered)
Jewellery
 o - a cursed ring of teleportation (left tentacle)
Wands
 b - a wand of flame (14/48)
 c - a wand of enslavement (12/24)
 d - a wand of random effects (13/48)
Scrolls
 e - 2 scrolls of immolation
 k - a scroll of identify
 l - a scroll of noise
Potions
 m - a potion of flight
 n - a potion of brilliance
 q - a potion of might
Comestibles
 f - 3 bread rations
 h - 2 meat rations
 i - 5 fruits


   Skills:
 - Level 1.0 Fighting
 - Level 1.0 Short Blades
 + Level 5.3 Polearms
 - Level 2.0 Dodging
 + Level 8.3 Stealth
 - Level 3.2 Evocations


You had 6 spell levels left.
You didn't know any spells.

Dungeon Overview and Level Annotations

Branches:
Dungeon (5/15)
 Temple: D:4-7

Altars:
Ashenzari
Cheibriados
Elyvilon


Innate Abilities, Weirdness & Mutations

You cannot wear most types of armour.
You are amphibious.
You can wear up to eight rings at the same time.
You can use your tentacles to constrict eight enemies at once.
Your skin changes colour to match your surroundings (Stealth).
Your rubbery body absorbs attacks (AC +1).


Message History

You puncture the orc wizard! You grab the orc wizard.
You squeeze the orc wizard.
You kill the orc wizard!
The orc barely misses you.
Unknown command.
You puncture the orc!
You kill the orc!
The orc wizard points at you and mumbles some strange words.
The magic dart hits you!
* * * LOW HITPOINT WARNING * * *
Evoke which item? (* to show all) (? for menu, Esc to quit)
Zapping:
b - a wand of flame (15/48)
Press: ? - help, Shift-Dir - straight line, f - orc wizard
Aim: an orc wizard, wielding a dagger and wearing a robe (fast)
The puff of flame hits the orc wizard.
The orc wizard is heavily wounded.
This wand has 14 charges left.
The orc wizard points at you and mumbles some strange words.
The magic dart hits you!
You die...

####.# <....#
#. #.##.#
#..# #.# #.o#
#.# #..#
#........
###..
.........
....
#+###.###
##.#####o# #
#..)@)...#
#..#######
#...# #...# #
#...#
#..###..#####
#..........#
#..##..#####
###..##..#


You could see an orc wizard.

Vanquished Creatures
  An ogre (D:4)
  A scorpion (D:4)
  A howler monkey (D:4)
  A crimson imp (D:5)
  A jelly (D:5)
  A hound (D:4)
  4 orc priests
  A giant frog skeleton (D:5)
  3 orc wizards
  2 worker ants
  7 adders
  A shadow imp (D:5)
  An ooze (D:1)
  3 dart slugs
  2 giant geckos
  4 orcs
  A goblin (D:1)
  3 hobgoblins (D:1)
  5 jackals (D:4)
  4 kobolds (D:1)
  3 quokkas
  2 bats (D:1)
  2 giant newts (D:1)
  6 rats
60 creatures vanquished.

Vanquished Creatures (collateral kills)
  An orc (D:5)
1 creature vanquished.

Grand Total: 61 creatures vanquished

Notes
Turn   | Place    | Note
--------------------------------------------------------------
     0 | D:1      | M4edhros the Octopode Artificer began the quest for the Orb.
     0 | D:1      | Reached XP level 1. HP: 13/13 MP: 3/3
    75 | D:1      | Reached skill level 2 in Stealth
   300 | D:1      | Reached XP level 2. HP: 18/18 MP: 4/4
   412 | D:1      | Reached skill level 1 in Polearms
   415 | D:1      | Reached skill level 3 in Stealth
   802 | D:2      | Reached XP level 3. HP: 23/23 MP: 5/5
   852 | D:2      | You fall through a shaft for 2 floors!
   852 | D:4      | Noticed an ogre
   857 | D:4      | Killed an ogre
   857 | D:4      | Reached skill level 5 in Stealth
   857 | D:4      | Reached XP level 4. HP: 26/28 MP: 6/6
   857 | D:4      | Reached XP level 5. HP: 31/33 MP: 7/7
  1004 | D:4      | Reached skill level 6 in Stealth
  1004 | D:4      | Reached XP level 6. HP: 29/38 MP: 8/8
  1193 | D:4      | Found a shattered altar of Ashenzari.
  1284 | D:4      | Found a snail-covered altar of Cheibriados.
  1742 | D:4      | Reached skill level 7 in Stealth
  1783 | D:5      | Entered Level 5 of the Dungeon
  2001 | D:5      | Reached XP level 7. HP: 43/43 MP: 9/9
  2058 | D:5      | Found a white marble altar of Elyvilon.
  2080 | D:5      | Reached skill level 5 in Polearms
  2085 | D:5      | Reached skill level 8 in Stealth
  2089 | D:5      | Killed from afar by an orc wizard

Vault maps used:
D:1:      dpeg_arrival_round_b
D:2:      hangedman_decor_points
D:4:      evilmike_ruin_ashenzari, kennysheep_little_box, first_bread,
          dk_noncrumbling_3
D:5:      kennysheep_mini, overflow_temple_1_default

Skill      XL: |  1  2  3  4  5  6  7 |
---------------+----------------------+-----
Stealth        | 2 3 5 6 7 8 |  8.3
Polearms       | 1 2 3 4 5 |  5.3
Fighting       | |  1.0
Short Blades   | |  1.0
Dodging        | |  2.0
Evocations     | |  3.2

Action                   |  1- 3 |  4- 6 |  7- 9 || total
-------------------------+-------+-------+-------++-------
Melee: Spear             |    35 |    74 |    19 ||   128
       Short sword       |     4 |       |       ||     4
       Constrict         |     7 |    14 |     5 ||    26
       Tentacles         |     2 |     7 |     2 ||    11
Evoke: Wand              |       |     5 |     1 ||     6
  Use: Scroll            |       |       |     7 ||     7
       Potion            |       |       |     1 ||     1
 Stab: Sleeping          |     4 |     6 |     4 ||    14
       Distracted        |       |     2 |       ||     2
  Eat: Chunk             |       |     3 |     1 ||     4
Armor: Skin              |     1 |     3 |     1 ||     5
Dodge: Dodged            |    13 |    24 |     3 ||    40
